 Dungeon Crawl Stone Soup version 0.18.1-1-g2f07953 (webtiles) character file.

11265 Korgoth the Fighter (level 11, -10/102 HPs)
             Began as a Minotaur Berserker on May 12, 2016.
             Was an Elder of Trog.
             Mangled by a hill giant
             ... wielding a +0 giant spiked club
              (25 damage)
             ... on level 10 of the Dungeon.
             The game lasted 02:09:54 (14600 turns).

Korgoth the Fighter (Minotaur Berserker)           Turns: 14600, Time: 02:09:55

Health: -10/102    AC: 15    Str: 24    XL:     11   Next: 47%
Magic:  3/3        EV:  6    Int:  4    God:    Trog [****..]
Gold:   869        SH:  0    Dex: 11    Spells: 0 memorised, 10 levels left

rFire  . . .     SeeInvis .     d - +3 morningstar (antimagic)
rCold  . . .     Gourm    +     s - +2 plate armour
rNeg   . . .     Faith    .     (no shield)
rPois  +         Spirit   .     (helmet restricted)
rElec  .         Dismiss  .     t - +0 cloak {rPois}
rCorr  +         Reflect  .     j - +0 pair of gloves
SustAt .         Harm     .     e - +0 pair of boots
MR     .....                    N - amulet of the gourmand
Stlth  ..........               G - ring of resist corrosion
                                (no ring)

@: very heavily drained, not resistant to hostile enchantments, extremely
unstealthy
A: retaliatory headbutt, horns 2
a: Berserk, Trog's Hand, Brothers in Arms, Burn Spellbooks, Renounce Religion


You were on level 10 of the Dungeon.
You worshipped Trog.
Trog was greatly pleased with you.
You were not hungry.

You visited 3 branches of the dungeon, and saw 13 of its levels.

You collected 869 gold pieces.

Inventory:

Hand Weapons
 b - a +2 great mace of protection
 d - a +3 antimagic morningstar (weapon)
 m - a +2 shortbow of flaming
 u - a +2 mace of protection
Missiles
 i - 159 arrows (quivered)
 A - 10 curare-tipped needles
 D - 39 poisoned needles
Armour
 e - a +0 pair of boots (worn)
 j - a +0 pair of gloves (worn)
 s - a +2 plate armour (worn)
 t - a +0 cloak of poison resistance (worn)
Jewellery
 G - a ring of resist corrosion (right hand)
 K - the amulet of Gibuew {Gourm rC+}
   (You found it on level 2 of the Lair of Beasts)

   [amulet of the gourmand]

   It allows you to eat raw meat even when not hungry.
   It protects you from cold.
 M - an uncursed amulet of rage
 N - an amulet of the gourmand (around neck)
 Y - an uncursed amulet of faith
Wands
 a - a wand of polymorph (16/24)
 l - a wand of iceblast (6/15)
 o - a wand of flame (35/48)
 C - a wand of slowing (32/48)
 H - a wand of lightning (15/15)
Scrolls
 g - 3 scrolls of remove curse
 h - 2 scrolls of magic mapping
 v - 2 scrolls of recharging
 z - 2 scrolls of fog
 F - 2 scrolls of teleportation
 S - a scroll of immolation
 Z - a scroll of summoning
Potions
 f - a potion of ambrosia
 p - 2 potions of brilliance
 q - 2 potions of agility
 r - 4 potions of curing
 w - 2 potions of cancellation
 E - a potion of cure mutation
 I - 2 potions of might {unknown}
 J - 2 potions of haste {unknown}
 P - 3 potions of magic {unknown}
 Q - 3 potions of lignification
 R - 3 potions of degeneration {unknown}
 W - 4 potions of flight {unknown}
 X - a potion of berserk rage {unknown}
Miscellaneous
 k - a phial of floods
Comestibles
 c - 10 bread rations
 x - 29 fruits
 B - 3 meat rations
 L - 8 slices of pizza
 V - 2 beef jerkies


   Skills:
 + Level 11.4(0.0) Fighting
 + Level 11.3(0.0) Maces & Flails
 + Level 2.4(0.0) Bows
 + Level 11.2(0.0) Armour
 + Level 9.9(0.0) Dodging


You had 10 spell levels left.
You didn't know any spells.

Dungeon Overview and Level Annotations

Branches:
Dungeon (10/15)            Temple (1/1) D:4            Lair (2/8) D:8
    Orc (0/2) D:9

Altars:
Ashenzari
Cheibriados
Dithmenos
Elyvilon
Fedhas
Gozag
Kikubaaqudgha
Makhleb
Nemelex Xobeh
Okawaru
Pakellas
Qazlal
Ru
Sif Muna
Trog
Vehumet
Xom
Yredelemnul
Zin
The Shining One

Shops:
D:8 :

Portals:
Trove: D:10 (give 5 scrolls of blinking)

Annotations:
Lair:2 Sonja


Innate Abilities, Weirdness & Mutations

You reflexively headbutt those who attack you in melee.
You have a pair of horns on your head.


Message History

You hit the hill giant but do no damage.
The hill giant is moderately wounded.
The hill giant completely misses you.
You puncture the hill giant!
The hill giant is severely wounded.
The hill giant hits you with a giant spiked club!
You sock the hill giant!
The hill giant is almost dead.
The hill giant hits you with a giant spiked club!!
You sock the hill giant!
The hill giant is almost dead.
The hill giant hits you with a giant spiked club!
* * * LOW HITPOINT WARNING * * *
Your plate armour prevents you from hitting the hill giant.
The hill giant is almost dead.
The hill giant hits you with a giant spiked club!!
* * * LOW HITPOINT WARNING * * *
You feel better.
The hill giant hits you with a giant spiked club!!
You die...

###########################
...........................
.......<..@C...............
......................†....
.............[.............
##############.............
#.............
#.......###...
#.............
...############## .#.
.......


You could see a hill giant.

Vanquished Creatures
  Erolcha (D:9)
  Pikel (D:8)
  Joseph (D:7)
  A black mamba (Lair:1)
  A komodo dragon (Lair:1)
  2 trolls
  Grinder (D:4)
  A boulder beetle (Lair:1)
  3 blink frogs (Lair:1)
  Sigmund (D:4)
  9 yaks
  Eustachio (D:4)
  A human (D:8)
  2 hippogriffs
  A steam dragon (D:9)
  Duvessa (D:7)
  4 water moccasins
  7 porcupines
  An orc warrior (D:7)
  2 ice beasts
  A sky beast (D:7)
  5 ogres
  2 phantoms
  A centaur (D:7)
  3 crocodiles (Lair:1)
  4 big kobolds
  4 giant frogs
  Dowan (D:7)
  7 scorpions
  A wyvern skeleton (D:8)
  8 killer bees
  5 crimson imps
  Crazy Yiuf (D:2)
  3 giant frog skeletons
  4 orc priests
  4 hounds
  13 orc wizards
  2 centaur skeletons
  Jessica (D:2)
  6 iguanas
  8 worker ants
  4 sheep (D:8)
  2 hound zombies
  2 hound skeletons
  25 gnolls
  10 adders
  A river rat (D:8)
  A shadow imp (D:6)
  An adder zombie (D:6)
  4 worms
  3 dart slugs
  6 giant geckos
  41 orcs
  10 giant cockroaches
  27 goblins
  33 hobgoblins
  10 jackals
  12 kobolds
  2 quokkas
  2 ball pythons (D:2)
  7 bats
  A giant newt (D:3)
  A jackal zombie (D:5)
  8 rats
  3 bushes (D:4)
  6 fungi
  5 plants
353 creatures vanquished.

Notes
Turn   | Place    | Note
--------------------------------------------------------------
     0 | D:1      | Korgoth the Minotaur Berserker began the quest for the Orb.
     0 | D:1      | Reached XP level 1. HP: 19/19 MP: 0/0
   101 | D:1      | Reached XP level 2. HP: 27/27 MP: 1/1
   234 | D:1      | Reached ** piety under Trog
   548 | D:1      | Reached XP level 3. HP: 33/33 MP: 2/2
  1141 | D:2      | Noticed Jessica
  1151 | D:2      | Killed Jessica
  1151 | D:2      | Reached XP level 4. HP: 32/40 MP: 3/3
  1616 | D:2      | Noticed Crazy Yiuf
  1628 | D:2      | Killed Crazy Yiuf
  1628 | D:2      | Reached XP level 5. HP: 27/47 MP: 4/4
  1865 | D:3      | Reached *** piety under Trog
  2606 | D:3      | Found a snail-covered altar of Cheibriados.
  2620 | D:3      | Reached skill level 5 in Maces & Flails
  2880 | D:4      | Found a staircase to the Ecumenical Temple.
  2884 | D:4      | Reached skill level 5 in Fighting
  2941 | Temple   | Entered the Ecumenical Temple
  3185 | D:4      | Noticed Sigmund
  3194 | D:4      | Killed Sigmund
  3194 | D:4      | Reached XP level 6. HP: 56/56 MP: 5/5
  3518 | D:4      | Reached XP level 7. HP: 51/62 MP: 6/6
  3650 | D:4      | Noticed Grinder
  3665 | D:4      | Killed Grinder
  3665 | D:4      | Reached skill level 5 in Armour
  3665 | D:4      | Reached skill level 5 in Dodging
  4005 | D:4      | Noticed Eustachio
  4013 | D:4      | Reached **** piety under Trog
  4029 | D:4      | Killed Eustachio
  4238 | D:4      | Reached XP level 8. HP: 70/71 MP: 7/7
  4949 | D:4      | Reached ***** piety under Trog
  5004 | D:5      | Entered Level 5 of the Dungeon
  5681 | D:5      | Received a gift from Trog
  6475 | D:6      | Reached XP level 9. HP: 63/81 MP: 8/8
  6859 | D:7      | Noticed Duvessa
  6874 | D:7      | Killed Duvessa
  6877 | D:7      | Noticed Dowan
  6879 | D:7      | Killed Dowan
  7291 | D:7      | Found a stormy altar of Qazlal.
  7366 | D:7      | Noticed Joseph
  7394 | D:7      | Killed Joseph
  7615 | D:7      | Received a gift from Trog
  8188 | D:8      | Found Sonan's Book Boutique.
  8254 | D:8      | Found a staircase to the Lair.
  8434 | D:8      | Reached XP level 10. HP: 91/91 MP: 9/9
  8539 | D:8      | Noticed Pikel
  8549 | D:8      | Killed Pikel
  8811 | D:8      | Reached skill level 10 in Fighting
  8999 | D:9      | Received a gift from Trog
  9052 | D:9      | Found a staircase to the Orcish Mines.
  9205 | D:9      | Noticed Erolcha
  9218 | D:9      | Killed Erolcha
  9218 | D:9      | Reached skill level 10 in Maces & Flails
  9574 | Lair:1   | Entered Level 1 of the Lair of Beasts
  9600 | Lair:1   | Reached skill level 10 in Armour
 10160 | Lair:1   | Reached XP level 11. HP: 100/101 MP: 3/10
 10705 | Lair:2   | Got a wavering brass amulet
 10709 | Lair:2   | Identified the amulet of Gibuew {Gourm rC+} (You found it on level 2 of the Lair of Beasts)
 10732 | Lair:2   | Noticed Sonja
 13326 | D:9      | Reached skill level 1 in Bows
 13792 | D:10     | Entered Level 10 of the Dungeon
 13977 | D:10     | Found a portal to a secret trove of treasure.
 14529 | D:10     | Received a gift from Trog
 14568 | D:10     | Noticed a hill giant
 14600 | D:10     | Mangled by a hill giant

Skill      XL: |  1  2  3  4  5  6  7  8  9 10 11 |
---------------+----------------------------------+-----
Maces & Flails | 4 5 6 7 9 10 11 | 11.3
Fighting       | 4 5 6 8 9 10 11 | 11.4
Dodging        | 3 4 5 6 8 9 |  9.9
Armour         | 3 4 5 7 9 10 11 | 11.2
Bows           | 2 |  2.4

Action                   |  1- 3 |  4- 6 |  7- 9 | 10-12 || total
-------------------------+-------+-------+-------+-------++-------
Melee: Mace              |    75 |   239 |   485 |   110 ||   909
       Headbutt          |    12 |    57 |   103 |   101 ||   273
       Rapier            |       |       |    10 |       ||    10
       Morningstar       |       |       |       |   353 ||   353
       Shortbow          |       |       |       |     2 ||     2
 Fire: Shortbow          |       |       |       |    82 ||    82
Invok: Berserk           |       |     1 |     2 |     3 ||     6
       Trog's Hand       |       |       |       |     3 ||     3
Evoke: Wand              |       |       |       |     2 ||     2
  Use: Scroll            |       |     3 |    14 |    14 ||    31
       Potion            |       |       |       |     3 ||     3
  Eat: Chunk             |     1 |     1 |    16 |    26 ||    44
       Meat ration       |       |     2 |       |       ||     2
       Fruit             |       |     1 |       |       ||     1
       Beef jerky        |       |       |     1 |     2 ||     3
Armor: Animal skin       |     6 |       |       |       ||     6
       Skin              |     1 |       |       |       ||     1
       Chain mail        |    27 |    20 |       |       ||    47
       Plate armour      |       |   103 |   341 |   501 ||   945
Dodge: Dodged            |    53 |    60 |   235 |   258 ||   606
